 Dungeon Crawl Stone Soup version 0.27-a0-249-g74f53ef629 (webtiles) character file.

Game seed: 10866195825022564068

27818 mortress the Gouger (level 13, -3/67 HPs)
             Began as a Felid Berserker on Feb 3, 2021.
             Was a High Priest of Trog.
             Slain by a death yak (9 damage)
             ... while petrified by a basilisk
             ... on level 6 of the Lair of Beasts.
             The game lasted 01:28:15 (32115 turns).

mortress the Gouger (Felid Berserker)              Turns: 32115, Time: 01:28:15

Health: -3/67      AC:  3    Str: 16    XL:     13   Next: 6%
Magic:  14/14      EV:  4    Int:  9    God:    Trog [*****.]
Gold:   1145       SH:  0    Dex: 17    Spells: 12/12 levels left
                                        Lives:  0   Deaths: 4

rFire    + . .     SeeInvis +     - Unarmed
rCold    + + .     Faith    +   (shield unavailable)
rNeg     + + +     Spirit   .   (armour unavailable)
rPois    ∞         Reflect  .   (helmet unavailable)
rElec    .         Harm     .   (cloak unavailable)
rCorr    .         Rampage  .   (gloves unavailable)
Will     +....                  (boots unavailable)
Stlth    ++++++....             D - amulet of faith
HPRegen  0.21/turn              z - ring of protection from cold
MPRegen  0.14/turn              j - ring of protection from fire

@: petrified, studying Dodging, quick
A: very small, no armour, no weapons or thrown items, stealth, claws 1, fangs 3,
see invisible, speed 1, shaggy fur 3, sharp paws
a: Renounce Religion, Berserk, Trog's Hand, Brothers in Arms


You were on level 6 of the Lair of Beasts.
You worshipped Trog.
Trog was extremely pleased with you.
You visited 2 branches of the dungeon, and saw 16 of its levels.
You also visited: Ossuary, Ice Cave and Volcano.

You collected 1244 gold pieces.
You spent 99 gold pieces at shops.

Inventory:

Jewellery
 j - a ring of protection from fire (right paw)
 v - an uncursed ring of positive energy
 y - an uncursed ring of protection from cold
 z - a ring of protection from cold (left paw)
 D - an amulet of faith (around neck)
Wands
 u - a wand of random effects (32)
 w - a wand of acid (4)
 C - a wand of charming (6)
 E - a wand of polymorph (24)
 F - a wand of iceblast (4)
 G - a wand of digging (4)
Scrolls
 b - 12 scrolls of remove curse
 c - 8 scrolls of identify
 h - 3 scrolls of fear
 m - a scroll of blinking
 q - 5 scrolls of magic mapping
 r - 3 scrolls of teleportation
 B - a scroll of summoning
 H - 3 scrolls of fog
Potions
 a - 2 potions of magic
 d - 2 potions of berserk rage
 e - 9 potions of curing
 f - 3 potions of attraction
 g - 8 potions of ambrosia
 k - 3 potions of mutation
 l - 2 potions of haste
 o - 2 potions of invisibility
 p - 2 potions of lignification
 s - 2 potions of resistance
 t - 4 potions of might
 A - 2 potions of flight
Miscellaneous
 i - a phial of floods


   Skills:
 * Level 14.1 Fighting
 + Level 14.1 Dodging
 + Level 13.9 Stealth
 * Level 14.3 Unarmed Combat
 + Level 10.1 Evocations


You had 12 spell levels left.
You didn't know any spells.
Your spell library was empty.

Dungeon Overview and Level Annotations

Branches:
Dungeon (10/15)            Temple (0/1) D:5            Lair (6/6) D:10
 Shoals (0/4) Lair:4       Spider (0/4) Lair:3        Slime (0/5) Lair:6
Ossuary (visited)           IceCv (visited)         Volcano (visited)
    Orc: D:9-12

Altars:
Cheibriados
Elyvilon
Makhleb
Ru
The Shining One
Jiyva

Shops:
D:7 !

Annotations:
D:9 3 runed translucent doors, lmSkywalker's ghost, novice GnWn
Lair:5 exclusion: 2 oklob plants


Innate Abilities, Weirdness & Mutations

You cannot wear armour.
You are incapable of wielding weapons or throwing items.
Your paws allow you to move quietly. (Stealth)
You have sharp claws.
You have razor-sharp teeth.
You have supernaturally acute eyesight. (SInv)
You cover ground quickly.
Your thick and shaggy fur keeps you warm. (AC +3, rC+)
Your sharp claws are effective at attacking unaware monsters.


Message History

You are slowing down.
You fail to use your ability.
Your limbs are stiffening.
Okay, then.
Unknown command.
Okay, then.
Unknown command.
As you read the scroll of fear, it crumbles to dust.
You assume a fearsome visage.
The basilisk looks frightened!
The death yak resists with almost no effort.
You have turned to stone.
The death yak gores you!
* * * LOW HITPOINT WARNING * * *
The death yak gores you!
* * * LOW HITPOINT WARNING * * *
The death yak gores you!!
* * * LOW HITPOINT WARNING * * *
The death yak gores you but does no damage. x2
The death yak barely misses you. The death yak gores you!!
You die...

♣♣♣.....................#
♣...................Y...##
♣♣♣.÷.............#.......# ♣♣
♣♣................######Y..#
..♣♣♣)...............#.#.#..#..#
......................#....#..##
...........................##.#
.................Y..†#........##
............)...@...+..........#
..........†.....=...†##....<...#
....................####...#..##
....††..............##.#......#
.....................#....>...##
.........................._....#
.............(................##
...........................|...#
...PP......<..................##


You could see a death yak.

Vanquished Creatures
  A red draconian (Volcano)
  6 hydras
  2 boulder beetles (Lair:4)
  Fannar (D:10)
  A catoblepas (Lair:4)
  A centaur warrior (Volcano)
  2 two-headed ogres
  11 death yaks
  Nergalle (Lair:3)
  A fire crab (Lair:5)
  A cyclops (D:10)
  26 elephants
  An ice statue (IceCv)
  8 black mambas
  12 cane toads
  3 rime drakes
  14 komodo dragons
  A yaktaur (Volcano)
  A queen bee (Lair:3)
  10 polar bears
  3 jumping spiders (Lair:3)
  Prince Ribbit (D:7)
  17 blink frogs
  2 spriggans (Lair:2)
  4 wyverns
  A wraith (D:10)
  41 yaks
  3 basilisks
  Grum (Lair:1)
  9 water moccasins
  An orc warrior (D:9)
  An ice beast (D:10)
  3 sky beasts
  Duvessa (D:5)
  3 necrophages
  A black bear (D:10)
  3 ogres
  24 wolves
  A phantom (D:5)
  11 centaurs
  A big kobold (D:9)
  An elf zombie (Ossuary)
  6 bullfrogs
  Dowan (D:5)
  A scorpion (D:8)
  9 killer bees
  12 wights
  A howler monkey (D:9)
  3 centaur zombies
  A bullfrog zombie (D:10)
  2 hounds
  4 jellies
  2 orc priests
  2 bullfrog skeletons
  An iguana (D:10)
  6 orc wizards
  3 hell rats (D:8)
  7 worker ants
  A big kobold zombie (Ossuary)
  A hound zombie (D:9)
  2 mummies (Ossuary)
  A howler monkey zombie (D:7)
  5 gnolls
  4 river rats (D:8)
  13 adders
  7 shadow imps
  4 white imps
  3 ufetubi
  2 oozes
  2 adder skeletons
  An adder zombie (D:5)
  3 worms
  7 leopard geckos
  19 orcs
  10 bats
  4 giant cockroaches
  9 goblins
  7 hobgoblins
  17 jackals
  7 kobolds
  9 quokkas
  5 frilled lizards
  3 goblin zombies (Ossuary)
  13 hobgoblin zombies (Ossuary)
  A jackal skeleton (D:6)
  2 jackal zombies (Ossuary)
  8 kobold zombies (Ossuary)
  A leopard gecko zombie (D:7)
  8 orc zombies (Ossuary)
  A quokka skeleton (D:4)
  24 rats
502 creatures vanquished.

Vanquished Creatures (collateral kills)
  A frost giant (IceCv)
  A hydra (Lair:2)
  8 death yaks
  4 elephants
  A cane toad (Lair:6)
  4 polar bears (IceCv)
  A blink frog (Lair:6)
  A spriggan (Lair:2)
  6 yaks
  2 water moccasins
  A black bear (D:7)
  2 centaurs (Volcano)
  A bullfrog (Lair:2)
  A jelly (D:7)
  2 killer bees (Lair:3)
  A white imp (D:8)
  An orc (D:8)
38 creatures vanquished.

Vanquished Creatures (others)
  A centaur (Volcano)
  68 fungi
  80 plants
149 creatures vanquished.

Grand Total: 689 creatures vanquished

Notes
Turn   | Place    | Note
-------+----------+-------------------------------------------
     0 | D:1      | mortress the Felid Berserker began the quest for the Orb.
     0 | D:1      | Reached XP level 1. HP: 10/10 MP: 2/2
   105 | D:1      | Reached XP level 2. HP: 9/14 MP: 3/3
   503 | D:1      | Reached skill level 1 in Stealth
  1226 | D:1      | Reached XP level 3. HP: 17/17 MP: 4/4
  2322 | D:2      | Reached XP level 4. HP: 22/22 MP: 5/5
  2342 | D:2      | Reached ** piety under Trog
  3445 | D:3      | Noticed a sky beast
  3457 | D:3      | Killed a sky beast
  3458 | D:3      | Reached XP level 5. HP: 25/25 MP: 6/6
  4140 | D:4      | Found a sand-covered staircase.
  4155 | Ossuary  | Entered an ossuary
  4182 | Ossuary  | Reached *** piety under Trog
  4413 | Ossuary  | Reached skill level 5 in Dodging
  4413 | Ossuary  | Gained mutation: You are covered in thick fur. (AC +2)
                  | [Felid growth]
  4413 | Ossuary  | Reached XP level 6. HP: 29/29 MP: 7/7
  4417 | Ossuary  | Reached skill level 5 in Unarmed Combat
  5099 | D:4      | Reached skill level 5 in Fighting
  5126 | D:4      | Reached XP level 7. HP: 22/33 MP: 8/8
  5128 | D:4      | Reached **** piety under Trog
  5337 | D:5      | Entered Level 5 of the Dungeon
  5337 | D:5      | Noticed Duvessa
  5337 | D:5      | Noticed Dowan
  5369 | D:5      | Killed Duvessa
  5373 | D:5      | Killed Dowan
  5679 | D:5      | Found a staircase to the Ecumenical Temple.
  6425 | D:5      | Reached skill level 5 in Stealth
  6838 | D:6      | Found a white marble altar of Elyvilon.
  7018 | D:6      | Found the cursed necklace of Bloodlust {*Rage +Rage Will++
                  | Int-3 Slay+6 *Curse}
  7137 | D:6      | Reached XP level 8. HP: 38/38 MP: 9/9
  7297 | D:6      | Found a sacrificial altar of Ru.
  8909 | D:7      | Noticed Prince Ribbit
  8920 | D:7      | Killed Prince Ribbit
  9224 | D:7      | Found a snail-covered altar of Cheibriados.
  9714 | D:7      | Found Dumuv's Distillery.
  9719 | D:7      | Bought a potion of might for 44 gold pieces
  9719 | D:7      | Bought a potion of heal wounds for 55 gold pieces
  9916 | D:8      | Reached skill level 1 in Evocations
 10542 | D:8      | Reached XP level 9. HP: 43/43 MP: 10/10
 10718 | D:8      | Noticed a two-headed ogre
 10744 | D:8      | Killed a two-headed ogre
 11369 | D:8      | Found the +2 ratskin cloak {*Rats rPois rN+ Str-1 Int-1
                  | Dex+1}
 12295 | D:9      | Found a runed translucent gate.
 12295 | D:9      | Found a runed translucent gate.
 12295 | D:9      | Found a runed translucent gate.
 12296 | D:9      | Noticed lmSkywalker's ghost (novice GnWn)
 12299 | D:9      | Noticed a frost giant
 12371 | D:9      | Reached ***** piety under Trog
 13018 | D:10     | Entered Level 10 of the Dungeon
 13034 | D:10     | Noticed a cyclops
 13188 | D:10     | Reached XP level 10. HP: 49/49 MP: 11/11
 14342 | D:10     | Noticed Fannar
 14347 | D:10     | Found a staircase to the Lair.
 14362 | D:10     | Killed Fannar
 14479 | D:10     | Noticed a two-headed ogre
 14484 | D:10     | Killed a cyclops
 14639 | D:10     | Killed a two-headed ogre
 15388 | Lair:1   | Entered Level 1 of the Lair of Beasts
 15408 | Lair:1   | Found a dark tunnel.
 15415 | Volcano  | Entered a volcano
 15431 | Volcano  | Noticed a centaur warrior
 15434 | Volcano  | Found a burning altar of Makhleb.
 15439 | Volcano  | Reached skill level 5 in Evocations
 15441 | Volcano  | Noticed a red draconian
 15458 | Volcano  | Killed a centaur warrior
 15459 | Volcano  | Reached skill level 10 in Unarmed Combat
 15490 | Volcano  | HP: 2/51 [red draconian/+2 halberd of flaming (25)]
 15490 | Volcano  | Slain by a red draconian
 15491 | Volcano  | Reached XP level 9. HP: -3/46 MP: 10/10
 15509 | Volcano  | Killed a red draconian
 15510 | Volcano  | Reached XP level 10. HP: 17/51 MP: 11/11
 15900 | Lair:1   | Noticed Grum
 16074 | Lair:1   | Reached skill level 10 in Fighting
 16077 | Lair:1   | Killed Grum
 16350 | Lair:1   | Noticed a black mamba
 16359 | Lair:1   | Killed a black mamba
 16549 | Lair:1   | Noticed a cane toad
 16645 | Lair:1   | Killed a cane toad
 16739 | Lair:1   | Reached skill level 10 in Dodging
 17015 | Lair:2   | Noticed a death yak
 17015 | Lair:2   | Noticed a death yak
 17027 | Lair:2   | Noticed a death yak
 17028 | Lair:2   | Noticed a six-headed hydra
 17032 | Lair:2   | Noticed a death yak
 17032 | Lair:2   | Noticed a death yak
 17034 | Lair:2   | Noticed a death yak
 17045 | Lair:1   | Killed a death yak
 17114 | Lair:2   | Reached skill level 10 in Stealth
 17118 | Lair:2   | Reached XP level 11. HP: 55/55 MP: 12/12
 17137 | Lair:2   | Slain by a komodo dragon
 17138 | Lair:2   | Reached XP level 10. HP: -4/51 MP: 11/11
 17156 | Lair:2   | Killed a six-headed hydra
 17205 | Lair:2   | Noticed an elephant
 17214 | Lair:2   | Killed an elephant
 17226 | Lair:2   | Noticed a cane toad
 17232 | Lair:2   | Killed a cane toad
 17246 | Lair:2   | Found a frozen archway.
 17258 | IceCv    | Entered an ice cave
 17851 | IceCv    | Reached XP level 11. HP: 42/55 MP: 12/12
 18846 | IceCv    | Noticed a death yak
 18990 | IceCv    | Killed a death yak
 19109 | IceCv    | Noticed a death yak
 19109 | IceCv    | Noticed a frost giant
 19130 | IceCv    | Killed a frost giant
 19137 | IceCv    | Killed a death yak
 19866 | Lair:2   | Killed a death yak
 19867 | Lair:2   | Gained mutation: Your thick and shaggy fur keeps you warm.
                  | (AC +3, rC+) [Felid growth]
 19867 | Lair:2   | Reached XP level 12. HP: 54/61 MP: 13/13
 20042 | Lair:2   | Found a burning altar of Makhleb.
 20089 | Lair:2   | Killed a death yak
 20096 | Lair:2   | Killed a death yak
 20103 | Lair:2   | Killed a death yak
 20106 | Lair:2   | Killed a death yak
 20821 | Lair:3   | Found a hole to the Spider Nest.
 20937 | Lair:3   | Noticed Nergalle
 20944 | Lair:3   | Killed Nergalle
 21943 | Lair:4   | Noticed a four-headed hydra
 21963 | Lair:4   | Killed a four-headed hydra
 23006 | Lair:4   | Noticed a six-headed hydra
 23085 | Lair:4   | Killed a six-headed hydra
 23086 | Lair:4   | Reached XP level 13. HP: 38/65 MP: 14/14
 23287 | Lair:4   | Found a staircase to the Shoals.
 23881 | Lair:4   | Slain by a death yak
 23882 | Lair:4   | Reached XP level 12. HP: -1/63 MP: 13/13
 24185 | Lair:4   | Found a staircase to the Shoals.
 24195 | Lair:4   | Killed a death yak
 24560 | Lair:4   | Killed a boulder beetle
 25017 | Lair:4   | Found a staircase to the Shoals.
 25214 | Lair:4   | Killed a death yak
 25218 | Lair:4   | Killed a death yak
 25221 | Lair:4   | Killed a death yak
 25224 | Lair:4   | Killed a death yak
 26277 | Lair:4   | Found a staircase to the Shoals.
 26917 | Lair:5   | Noticed a five-headed hydra
 26918 | Lair:5   | Noticed a seven-headed hydra
 27658 | Lair:5   | Killed a seven-headed hydra
 28372 | Lair:5   | Reached XP level 13. HP: 32/66 MP: 14/14
 28989 | Lair:5   | Identified a scroll of acquirement
 28990 | Lair:5   | Acquired a manual of Dodging
 29202 | Lair:6   | Entered Level 6 of the Lair of Beasts
 29215 | Lair:6   | Found a staircase to the Slime Pits.
 29215 | Lair:6   | Found a viscous altar of Jiyva.
 29239 | Lair:6   | Found a glowing golden altar of the Shining One.
 31696 | Lair:6   | Slain by a seven-headed hydra
 31697 | Lair:6   | Reached XP level 12. HP: -1/64 MP: 13/13
 31699 | Lair:6   | Killed a seven-headed hydra
 31700 | Lair:6   | Reached skill level 10 in Evocations
 32023 | Lair:6   | Reached XP level 13. HP: 67/67 MP: 14/14
 32115 | Lair:6   | Slain by a death yak

Illustrated notes

Levels and vault maps discovered:
D:1:      saegor_arrival_miasma, layout_basic, corexii_corridor_pit
D:2:      layout_rooms
D:3:      layout_loops_cross
D:4:      layout_basic, enter_ossuary_5, serial_rivers,
          chequers_serial_rivers_micro_e, chequers_serial_rivers_room_b,
          chequers_serial_rivers_micro_e, chequers_serial_rivers_room_b,
          chequers_serial_rivers_room_a, chequers_serial_rivers_micro_e
D:5:      layout_rooms, minmay_temple_entry_waves, uniq_duvessa
D:6:      layout_loops_corners, nicolae_ru_sacrificial_ziggurat,
          elyvilon_altar_4
D:7:      kennysheep_spiral_hall, layout_basic, serial_shops, shop,
          cheibriados_altar_1, uniq_prince_ribbit1
D:8:      wander_guarded_unrand_ratskin, layout_basic
D:9:      layout_loops_ring, gammafunk_ghost_split, kennysheep_generic_room_13
D:10:     layout_long_grid, dpeg_oklobed_lair, uniq_fannar
Lair:1:   layout_hall_layers, enter_volcano_2, uniq_grum
Lair:2:   layout_hall_layers, basic_altar, portal_ice_cave_entry_pillars_2,
          wad_woods_02
Lair:3:   layout_hall_layers, spider_nest_entry_funnel_web, special_room
          [special_room_bee], uniq_nergalle
Lair:4:   nzn_winding_woodlands_medium [nzn_winding_woodlands_5x5_default,
          nzn_winding_woodlands_5x15_concentric,
          nzn_winding_woodlands_hourglass, nzn_winding_woodlands_5x5_open_star,
          nzn_winding_woodlands_center_lodge,
          nzn_winding_woodlands_5x5_perimeter,
          nzn_winding_woodlands_5x5_default, nzn_winding_woodlands_5x15_jagged,
          nzn_winding_woodlands_5x5_default], layout_long_grid,
          minmay_shoals_entry_centaurs
Lair:5:   layout_regular_city, dpeg_oklob_1, grunt_megastairs_3
Lair:6:   evil_forest, layout_regular_city, slime_altar_1, basic_altar

Skill      XL: |  1  2  3  4  5  6  7  8  9 10 11 12 13 |
---------------+----------------------------------------+-----
Stealth        | 1 2 3 4 5 6 7 10 11 13 | 13.9
Unarmed Combat | 4 5 6 7 8 11 12 14 | 14.3
Fighting       | 4 5 6 7 8 11 12 14 | 14.1
Dodging        | 5 6 7 8 10 11 14 13 | 14.1
Evocations     | 1 3 6 7 10 | 10.1

Action                   |  1- 3 |  4- 6 |  7- 9 | 10-12 | 13-15 || total
-------------------------+-------+-------+-------+-------+-------++-------
Melee: Unarmed           |    75 |   277 |   266 |   606 |   232 ||  1456
       Bite              |     9 |    30 |    31 |    86 |    27 ||   183
       Punch             |     1 |     6 |    14 |    43 |    28 ||    92
Invok: Berserk           |     4 |     8 |    14 |    39 |    17 ||    82
       Trog's Hand       |       |     3 |     1 |     1 |       ||     5
       Brothers in Arms  |       |       |     3 |    12 |     3 ||    18
Evoke: Wand              |       |       |     2 |    22 |    25 ||    49
       Phial of floods   |       |       |       |     1 |       ||     1
  Use: Scroll            |       |     7 |    11 |     9 |     8 ||    35
       Potion            |       |     1 |       |     6 |     3 ||    10
 Stab: Sleeping          |     4 |     8 |    25 |    14 |     7 ||    58
       Distracted        |       |       |     2 |     6 |     1 ||     9
Armor: Skin              |       |     9 |    11 |    48 |    10 ||    78
Dodge: Dodged            |    52 |   233 |   190 |   476 |   302 ||  1253

Table legend: (Time is in decaauts)
 A = Elapsed time spent in this place.
 B = Non-inter-level travel time spent in this place.
 C = Inter-level travel time spent in this place.
 D = Time resting spent in this place.
 E = Time spent auto-exploring this place.
 F = Levels seen in this place.
 G = Mean time per level.
                   A        B        C        D        E       F      G
               +--------+--------+--------+--------+--------+-----+--------+
         Total |  29975 |  29391 |    584 |  15324 |   9866 |  19 | 1577.6 |
       Dungeon |  13818 |  13543 |    275 |   6849 |   5257 |  10 | 1381.8 |
          Lair |  13100 |  12791 |    309 |   6806 |   3818 |   6 | 2183.3 |
       Ossuary |    490 |    490 |      0 |      3 |    301 |   1 |  490.0 |
      Ice Cave |   2144 |   2144 |      0 |   1561 |    271 |   1 | 2144.0 |
       Volcano |    421 |    421 |      0 |    103 |    217 |   1 |  421.0 |
               +--------+--------+--------+--------+--------+-----+--------+

Top non-repeatable levels by time:
  Lair:4: 4741 daAuts
  Lair:5: 3725 daAuts
    D:10: 2164 daAuts
   IceCv: 2144 daAuts
     D:8: 1849 daAuts
     D:7: 1791 daAuts
     D:1: 1632 daAuts
     D:2: 1417 daAuts
  Lair:2: 1331 daAuts
     D:5: 1164 daAuts
     D:9: 1160 daAuts
  Lair:1: 1143 daAuts
     D:6: 1139 daAuts
  Lair:3: 1118 daAuts
  Lair:6: 1039 daAuts
